 Dungeon Crawl Stone Soup version 0.30-a0-1002-ga41ad49a19 (webtiles) character file.

Game seed: 4192798844853702045

196 MacCMillion the Shooter (level 5, -1/41 HPs)
             Began as a Demigod Hunter on Apr 5, 2023.
             Slain by a kobold brigand
             ... wielding a +0 whip
              (7 damage)
             ... in a sewer.
             The game lasted 00:03:32 (1870 turns).

MacCMillion the Shooter (Demigod Hunter)            Turns: 1870, Time: 00:03:33

Health: -1/41      AC:  3    Str: 12    XL:     5   Next: 21%
Magic:  7/7        EV: 12    Int: 11    God:
Gold:   90         SH:  0    Dex: 21    Spells: 4/4 levels left

rFire   + . .      SeeInvis .    a - +0 shortbow
rCold   . . .      Faith    .    (shield currently unavailable)
rNeg    . . .      Spirit   .    c - +0 leather armour
rPois   .          Reflect  .    (no helmet)
rElec   .          Rampage  .    (no cloak)
rCorr   .                        (no gloves)
Will    .....                    (no boots)
Stlth   ++                       (no amulet)
HPRegen 0.26/turn                m - ring of protection from fire
MPRegen 0.10/turn                (no ring)

@: attractive
A: high MP 1, forlorn, divine attributes
a: no special abilities


You were in a sewer.
You visited 1 branch of the dungeon, and saw 3 of its levels.
You also visited: Sewer.

You collected 90 gold pieces.

Inventory:

Hand Weapons
 a - a +0 shortbow (weapon)
Armour
 c - a +0 leather armour (worn)
Jewellery
 m - a ring of protection from fire (left hand)
Scrolls
 b - a scroll of immolation
 d - a scroll of poison {unknown}
 e - a scroll of summoning {unknown}
 g - a scroll of teleportation {unknown}
 h - 2 scrolls of identify {unknown}
 k - a scroll of enchant weapon {unknown}
 l - a scroll of amnesia {unknown}
Potions
 f - 2 potions of attraction
 i - 2 potions of magic {unknown}
 j - a potion of curing {unknown}


   Skills:
 - Level 1.7 Fighting
 + Level 6.2 Ranged Weapons
 - Level 1.7 Dodging
 - Level 0.8 Stealth


You had 4 spell levels left.
You didn't know any spells.
Your spell library was empty.

Dungeon Overview and Level Annotations

Branches:
Dungeon (3/15)              Sewer (1/1)

Annotations:
D:3 Grinder


Innate Abilities, Weirdness & Mutations

You have an increased reservoir of magic. (+10% MP)
You shall have no god before yourself.
Your divine heritage dramatically boosts your attributes as you level up.


Message History

The kobold closely misses you.
The kobold brigand splashes around in the water.
The kobold hits you with a +0 dagger.
* * * LOW HITPOINT WARNING * * *
Your Ranged Weapons skill increases to level 6!
You have reached level 5!
Unknown command.
It was a potion of attraction.
You feel attractive to monsters. The kobold brigand misses you.
The kobold hits you with a +0 dagger.
* * * LOW HITPOINT WARNING * * *
Fire: a) +0 shortbow
Press: ? - help, Q - select action Shift-Dir - straight line, f - kobold
Aim: a kobold, wielding a +0 dagger (59% to hit)
You shoot an arrow. The arrow closely misses the kobold.
The kobold brigand hits you with a +0 whip.
* * * LOW HITPOINT WARNING * * *
The kobold hits you but does no damage. The kobold brigand barely misses you.
Fire: a) +0 shortbow
Press: ? - help, Q - select action Shift-Dir - straight line, f - kobold brigand, p - kobold
Aim: a kobold brigand, wielding a +0 whip and quivering poisoned darts (lightly wounded, 59% to hit)
You shoot an arrow.
The arrow completely misses the kobold brigand.
The kobold splashes around in the water.
The kobold brigand splashes around in the water.
Fire: a) +0 shortbow
Press: ? - help, Q - select action Shift-Dir - straight line, f/p - kobold brigand
Aim: a kobold brigand, wielding a +0 whip and quivering poisoned darts (lightly wounded, 59% to hit)
You shoot an arrow. The arrow hits the kobold brigand.
The kobold brigand is lightly wounded.
The kobold splashes around in the water.
The kobold brigand barely misses you.
Fire: a) +0 shortbow
Press: ? - help, Q - select action Shift-Dir - straight line, f/p - kobold brigand
Aim: a kobold brigand, wielding a +0 whip and quivering poisoned darts (lightly wounded, 59% to hit)
You shoot an arrow. The arrow hits the kobold brigand.
The kobold brigand is lightly wounded.
The kobold splashes around in the water.
The kobold brigand hits you with a +0 whip!
You die...

#.~≈~.# ###.~≈~.#
#∩..~≈~.# ###.~≈≈.#
#.~≈~.# ##~~≈~.##
#.~~≈~~~###############
#..~≈~~~~~~~~~~~~~~~~~~
#..~≈~@K###############
#.~~≈K).# #.~~≈~~~#
#~~≈≈≈~.# #~~≈≈≈~~#
#.~≈≈≈~.# #.~~~~)~#
#..~.~~.#


You could see a kobold brigand and a kobold.

Vanquished Creatures
  A kobold brigand (Sewer)
  An iron imp (D:3)
  2 adders
  2 river rats (Sewer)
  3 worms
  3 dart slugs
  3 endoplasms
  4 giant cockroaches (D:3)
  4 goblins
  6 hobgoblins
  2 jackals (Sewer)
  2 quokkas
  4 ball pythons
  5 bats
  3 kobolds
  3 rats
48 creatures vanquished.

Notes
Turn   | Place    | Note
-------+----------+-------------------------------------------
     0 | D:1      | MacCMillion the Demigod Hunter began the quest for the Orb.
     0 | D:1      | Reached XP level 1. HP: 17/17 MP: 3/3
    41 | D:1      | Reached skill level 4 in Ranged Weapons
   105 | D:1      | Reached XP level 2. HP: 24/24 MP: 4/4
   828 | D:2      | Reached XP level 3. HP: 21/29 MP: 5/5
  1056 | D:2      | Reached skill level 5 in Ranged Weapons
  1297 | D:3      | Reached XP level 4. HP: 36/36 MP: 6/6
  1298 | D:3      | Noticed Grinder
  1657 | D:3      | Found a glowing drain.
  1690 | Sewer    | Entered a sewer
  1851 | Sewer    | Noticed a kobold brigand
  1853 | Sewer    | Noticed a kobold brigand
  1865 | Sewer    | Killed a kobold brigand
  1866 | Sewer    | Reached skill level 6 in Ranged Weapons
  1866 | Sewer    | Reached XP level 5. HP: 12/41 MP: 7/7
  1870 | Sewer    | Slain by a kobold brigand

Illustrated notes

Levels and vault maps discovered:
D:1:      dpeg_arrival_rooms_a, layout_rooms
D:2:      layout_loops_ring
D:3:      layout_basic, slow_altar_1, shapermc_ecumenical_altar_notcrosses,
          portal_sewer_entry_f, supply_closet_lemuel, uniq_grinder
Sewer:    sewer_kobolds

Skill      XL: |  1  2  3  4 |
---------------+-------------+-----
Ranged Weapons | 4 5 6 |  6.2
Fighting       | |  1.7
Dodging        | |  1.7
Stealth        | |  0.8

Action                     |  1- 3 |  4- 6 || total
---------------------------+-------+-------++-------
   Fire: Shortbow          |    86 |    74 ||   160
    Use: Potion            |       |     1 ||     1
 Armour: Leather armour    |     3 |     6 ||     9
  Dodge: Dodged            |    11 |    24 ||    35

Table legend: (Time is in decaauts)
 A = Elapsed time spent in this place.
 B = Non-inter-level travel time spent in this place.
 C = Inter-level travel time spent in this place.
 D = Time resting spent in this place.
 E = Time spent auto-exploring this place.
 F = Levels seen in this place.
 G = Mean time per level.
                   A        B        C        D        E       F      G
               +--------+--------+--------+--------+--------+-----+--------+
         Total |   1934 |   1740 |    194 |    134 |   1112 |   4 |  483.5 |
       Dungeon |   1731 |   1537 |    194 |     34 |   1055 |   3 |  577.0 |
         Sewer |    202 |    202 |      0 |    100 |     57 |   1 |  202.0 |
               +--------+--------+--------+--------+--------+-----+--------+

Top non-repeatable levels by time:
     D:2: 867 daAuts
     D:1: 546 daAuts
     D:3: 318 daAuts
   Sewer: 202 daAuts
